 Dungeon Crawl Stone Soup version 0.30.0-29-ga12c61a403 (webtiles) character file.

Game seed: 10345788960451237217

39 Ijustatesigmund the Stinger (level 3, 0/23 HPs)
             Began as an Octopode Venom Mage on June 15, 2023.
             Slain by a jackal (3 damage)
             ... on level 2 of the Dungeon.
             The game lasted 00:03:11 (1637 turns).

Ijustatesigmund the Stinger (Octopode Venom Mage)   Turns: 1637, Time: 00:03:12

Health: 0/23       AC:  1    Str:  7    XL:     3   Next: 47%
Magic:  4/6        EV: 13    Int: 19    God:
Gold:   17         SH:  0    Dex: 12    Spells: 4/7 levels left

rFire   . . .        b - +0 broad axe
rCold   . . .        (no shield)
rNeg    . . .        (helmet restricted)
rPois   .            (no amulet)
rElec   .            (no ring)
rCorr   .            (no ring)
SInv    .            (no ring)
Will    .....        (no ring)
Stlth   +++          (no ring)
HPRegen 0.23/turn    (no ring)
MPRegen 0.10/turn    (no ring)
                     (no ring)

%: no passive effects
@: no status effects
A: almost no armour, amphibious, 8 rings, camouflage 1, gelatinous body 1,
(nimble swimmer 1), tentacles
a: no special abilities


You were on level 2 of the Dungeon.
You visited 1 branch of the dungeon, and saw 2 of its levels.

You collected 61 gold pieces.
You spent 44 gold pieces at shops.

Inventory:

Hand Weapons
 b - a +0 broad axe (weapon)
Missiles
 e - 2 curare-tipped darts (quivered)
Armour
 g - a +0 buckler
Scrolls
 c - a scroll of amnesia
 j - a scroll of fear {unknown}
 k - a scroll of vulnerability {unknown}
Potions
 a - 2 potions of magic
 f - a potion of lignification
 h - a potion of heal wounds {unknown}
 i - a potion of curing {unknown}
 l - a potion of might {unknown}


   Skills:
 + Level 1.2 Fighting
 + Level 0.3 Axes
 - Level 2.0 Dodging
 - Level 2.6 Stealth
 + Level 2.5 Spellcasting
 - Level 1.0 Transmutations
 + Level 0.8 Air Magic
 + Level 4.2 Poison Magic


You had 4 spell levels left.
You knew the following spells:

 Your Spells              Type           Power      Damage    Failure   Level
a - Sting                 Tmut/Pois      48%        1d5       5%          1
b - Poisonous Vapours     Pois/Air       22%        N/A       9%          2

Your spell library contained the following spells:

 Spells                   Type           Power      Damage    Failure   Level
 Cigotuvi's Dreadful Rot  Necr/Pois/Air  16%        N/A       12%         2
 Ignite Poison            Fire/Tmut/Pois 8%         N/A       24%         3
 Mephitic Cloud           Conj/Pois/Air  8%         N/A       24%         3
 Olgreb's Toxic Radiance  Pois           18%        N/A       28%         4
 Dazzling Flash           Conj/Hex       4%         N/A       43%         3
 Volatile Blastmotes      Fire/Tloc      4%         2d10      43%         3
 Iskenderun's Mystic Bla  Conj/Tloc      2%         2d3       85%         4
 Freezing Cloud           Conj/Ice/Air   1%         6-21      99%         5
 Starburst                Conj/Fire      1%         6d3       100%        6


Dungeon Overview and Level Annotations

Branches:
Dungeon (2/15)

Altars:

Shops:
D:2 (?


Innate Abilities, Weirdness & Mutations

You cannot wear most types of armour.
You are amphibious.
You can wear up to eight rings at the same time.
Your skin changes colour to match your surroundings (Stealth+).
Your rubbery body absorbs attacks. (AC +1, EV +1)
((You are camouflaged when in or above water. (Stealth+)))
You have tentacles for arms and can constrict up to eight enemies at once.


Message History

Casting: Sting (safe; 5% risk of failure)
Confirm with . or Enter, or press ? or * to list all spells.
Aiming: Sting (safe; 5% risk of failure)
Press: ? - help, Shift-Dir - straight line, f/p - adder
Aim: an adder (53% to hit)
The sting hits the adder.
The adder is poisoned.
The adder is heavily wounded.
The jackal barely misses you. The jackal bites you.
The adder closely misses you. The jackal closely misses you. x2
The jackal misses you. The adder bites you.
You are poisoned.
The adder poisons you!
You closely miss the adder. Your grab misses the adder.
Your squeeze misses the adder.
The adder is heavily wounded.
You hit the jackal. You barely miss the jackal. You closely miss the jackal.
You feel sick. The jackal misses you. The jackal barely misses you.
The jackal bites you. The adder closely misses you.
The jackal barely misses you.
An endoplasm comes into view.
The jackal bites you but does no damage.
The jackal closely misses you. The adder barely misses you.
The jackal bites you.
* * * LOW HITPOINT WARNING * * *
It was a potion of lignification.
You turn into a tree.
Your roots penetrate the ground.
You feel sick.
The jackal bites you but does no damage.
The jackal barely misses you. The adder bites you but does no damage.
The jackal bites you but does no damage.
It was a potion of cancellation.
Your magical effects are unravelling.
You feel magically purged.
You feel less wooden.
You feel sick.
You are no longer poisoned.
The jackal misses you. The jackal closely misses you. The jackal bites you.
* * * LOW HITPOINT WARNING * * *
The adder completely misses you. The jackal closely misses you.
The jackal bites you.
You die...

#.######.#........
....$...###.......
#..#.###.#..#.###.
#..#.# #.#.#.# #< #
#..#.# #.#.#.# #.
#.#..#.####.#.#.###.
##.#.>#.##......)....
#..hS...)8.8#....###.
....#h@..#..∩.......##.
# #.Jh#[...8.8###...###
##.##..#[..## #...# #
#. #.)..### #...# .
##.#.# #...# .. #.#.#
####...# ## #.#.#
#......### #.#.#
#.##.....# #.#.#
#.####.#..


You could see an adder (poisoned), an endoplasm and 3 jackals.

Vanquished Creatures
  2 worms (D:2)
  A dart slug (D:2)
  4 endoplasms (D:1)
  4 goblins (D:1)
  4 hobgoblins
  A jackal (D:2)
  A kobold (D:2)
  3 quokkas (D:1)
  3 ball pythons
  3 bats
  2 rats (D:1)
28 creatures vanquished.

Notes
Turn   | Place    | Note
-------+----------+-------------------------------------------
     0 | D:1      | Ijustatesigmund the Octopode Venom Mage began the quest for
                  | the Orb.
     0 | D:1      | Reached XP level 1. HP: 11/11 MP: 3/3
   261 | D:1      | Reached XP level 2. HP: 17/18 MP: 5/5
   266 | D:1      | Learned a level 2 spell: Poisonous Vapours
   448 | D:1      | Reached skill level 4 in Poison Magic
   756 | D:1      | Reached skill level 1 in Fighting
  1245 | D:2      | Found Laly's Weapon Shoppe.
  1252 | D:2      | Bought a +0 broad axe for 44 gold pieces
  1261 | D:2      | Found Wiudwakkoa's Magic Scroll Shoppe.
  1288 | D:2      | Reached XP level 3. HP: 23/23 MP: 1/6
  1637 | D:2      | Slain by a jackal

Illustrated notes

Levels and vault maps discovered:
D:1:      pf_arrival_petrified_forest, layout_loops_ring,
          grunt_decor_mini_mirrors
D:2:      layout_loops_ring, serial_shops, nicolae_shop_tiny_statue_garden,
          nicolae_shop_tiny_real_fake_doors, shop,
          dreamdust_ecumenical_altar_angels_and_demons

Skill      XL: |  1  2 |
---------------+-------+-----
Poison Magic   | 4 |  4.2
Fighting       | 1 |  1.2
Axes           | |  0.3
Dodging        | |  2.0
Stealth        | |  2.6
Spellcasting   | |  2.5
Transmutations | |  1.0
Air Magic      | |  0.8

Action                     || total
---------------------------++-------
  Melee: Tentacles         ||    10
         Unarmed           ||     3
         Hand axe          ||    23
         Constrict         ||    11
         Dagger            ||     1
         Broad axe         ||    16
   Cast: Sting             ||     8
         Poisonous Vapours ||    12
    Use: Scroll            ||     2
         Potion            ||     2
   Stab: Sleeping          ||     4
 Armour: Skin              ||     6
  Dodge: Dodged            ||    40
